cohdb
Replays
Latest Replays
All Replays
Popular Replays
Top Player Replays
Match Explorer
How It Works
Community
CoH3 Stats
Reddit
Sign in to upload your games and track your stats! →
Sign in with Steam
Match 45255551
Unlisted
Match 45255551
Overview
Messages
Build Orders
End
Royal Engineer Section
Vickers Machine Gun Team
Construct Section Command Post
Infantry Section
Infantry Section
Construct Platoon Command Post
6-pounder Anti-tank Gun Team
Construct Field Infirmary
Unlock M3 Stuart Light Tanks
M3 Stuart Light Tank
Unlock Bishop Self-propelled Artillery
Bishop Self-propelled Artillery
mr.napalman
Ashur
Seocheon
ChineseMomBoom
0
0
Comments
sign in to comment!
No comments posted yet!